 Dungeon Crawl Stone Soup version 0.30-a0-622-gddc90eaa04 (webtiles) character file.

Game seed: 2546901690295660749

575347 ragingrage the Unseen (level 27, -28/260 HPs)
             Began as a Naga Warper on Jan 10, 2023.
             Was the Champion of Cheibriados.
             Annihilated by Tiamat
             ... wielding a +2 bardiche of venom
              (46 damage)
             ... on level 4 of the Realm of Zot.
             The game lasted 02:18:53 (94221 turns).

ragingrage the Unseen (Naga Warper)                Turns: 94221, Time: 02:18:53

Health: -28/260    AC: 30    Str: 37    XL:     27
Magic:  30/39      EV: 20    Int: 31    God:    Cheibriados [******]
Gold:   5911       SH: 13    Dex: 32    Spells: 8/50 levels left

rFire   + + .      SeeInvis +    a - +5 double sword (freeze)
rCold   + + .      Faith    .    V - +3 warlock's mirror {reflect}
rNeg    . . .      Spirit   .    X - +5 ring mail of Agoraphobia {rF++ rC+ Will- Stlth+}
rPois   +          Reflect  +    x - +2 helmet "Yroqevvonad" {+Inv Will++ Slay+3 SInv}
rElec   +          Harm     .    i - +2 cloak
rCorr   +          Rampage  .    (no gloves)
Will    ++++.                    Z - +1 barding
Stlth   ++++++++                 G - amulet of magic regeneration
HPRegen 0.63/turn                r - ring "Zupas" {Fly rC+ Slay+5 SInv}
MPRegen 0.66/turn                D - ring "Lekuschimn" {rElec rCorr AC+4 Str+6 Dex-3}

@: corroded, on berserk cooldown, flying, slowed, studying Armour, very slow
A: AC +9, large, see invisible, deformed body, poison resistance, slowness 2,
spit poison 1, naga tail 2
}: 3/15 runes: decaying, slimy, gossamer
a: Spit Poison, Renounce Religion, Evoke Invisibility, Bend Time, Temporal
Distortion, Slouch, Step From Time


You were on level 4 of the Realm of Zot.
You worshipped Cheibriados.
Cheibriados was exalted by your worship.
You visited 11 branches of the dungeon, and saw 51 of its levels.
You also visited: Sewer and Ice Cave.

You collected 8321 gold pieces.
You spent 2410 gold pieces at shops.

Inventory:

Hand Weapons
 a - a +5 double sword of freezing (weapon)
 b - a +1 hand crossbow of electrocution
 c - the +5 dagger "Killer Klown's Foe" {flame, Str+3 Dex+2}
   (You found it on level 13 of the Dungeon)

   Str:       It affects your strength (+3).
   Dex:       It affects your dexterity (+2).
Missiles
 u - 4 throwing nets
 v - 17 javelins
 I - 8 silver javelins
 L - 19 curare-tipped darts
Armour
 i - a +2 cloak (worn)
 n - a +1 pair of gloves of hurling
 x - the +2 helmet "Yroqevvonad" (worn) {+Inv Will++ Slay+3 SInv}
   (You found it on level 4 of the Swamp)

   Slay:      It affects your accuracy & damage with ranged weapons and melee
   (+3).
   SInv:      It lets you see invisible.
   +Inv:      It lets you turn invisible.
   Will:      It greatly increases your willpower.
 V - the +3 warlock's mirror (worn) {reflect}
   (You acquired it on level 5 of the Lair of Beasts)

   It can block and reflect piercing ranged attacks and magical attacks against
   the wielder's willpower.
 X - the +5 ring mail of Agoraphobia (worn) {rF++ rC+ Will- Stlth+}
   (You bought it in a shop on level 3 of the Elven Halls)

   rF:        It greatly protects you from fire.
   rC:        It protects you from cold.
   Will:      It decreases your willpower.
   Stlth:     It makes you more stealthy.
 Z - a +1 barding (worn)
Jewellery
 r - the ring "Zupas" (left hand) {Fly rC+ Slay+5 SInv}
   (You found it on level 14 of the Dungeon)

   [ring of see invisible]

   Slay:      It affects your accuracy & damage with ranged weapons and melee
   (+5).
   rC:        It protects you from cold.
   SInv:      It lets you see invisible.
   Fly:       It grants you flight.
 w - a +6 ring of intelligence
 D - the ring "Lekuschimn" (right hand) {rElec rCorr AC+4 Str+6 Dex-3}
   (You found it on level 5 of the Pits of Slime)

   [ring of protection]

   AC:        It affects your AC (+4).
   Str:       It affects your strength (+6).
   Dex:       It affects your dexterity (-3).
   rElec:     It insulates you from electricity.
   rCorr:     It protects you from acid and corrosion.
 G - an amulet of magic regeneration (around neck)
 Q - the ring "Rympeddi" {Str+5 Dex+6 Stlth+}
   (You found it on level 5 of the Lair of Beasts)

   [ring of dexterity]

   Str:       It affects your strength (+5).
   Dex:       It affects your dexterity (+6).
   Stlth:     It makes you more stealthy.
Wands
 j - a wand of quicksilver (21)
 l - a wand of roots (36)
 m - a wand of polymorph (10)
 N - a wand of paralysis (50)
 W - a wand of digging (22)
Scrolls
 e - 3 scrolls of butterflies
 g - 7 scrolls of poison
 h - 6 scrolls of magic mapping
 z - 3 scrolls of enchant armour
 A - 25 scrolls of teleportation
 C - 10 scrolls of fear
 E - 11 scrolls of immolation
 F - 10 scrolls of blinking
 K - 12 scrolls of vulnerability
 M - 8 scrolls of fog
 T - 2 scrolls of silence
Potions
 d - 2 potions of magic
 k - 31 potions of curing
 o - 7 potions of flight
 p - 9 potions of might
 q - 12 potions of mutation
 t - 24 potions of heal wounds
 B - 2 potions of resistance
 H - 3 potions of invisibility
 J - 7 potions of berserk rage
 O - 13 potions of brilliance
 P - 5 potions of cancellation
 R - 6 potions of attraction
 S - 8 potions of ambrosia
Miscellaneous
 f - a box of beasts
 s - a condenser vane (inert)
 y - a tin of tremorstones (1/2)
 U - a phial of floods
 Y - a phantom mirror


   Skills:
 - Level 18.0 Fighting
 - Level 16.0 Long Blades
 + Level 6.9 Throwing
 + Level 14.7 Armour
 - Level 12.0 Dodging
 - Level 18.0 Stealth
 - Level 15.0 Shields
 - Level 12.0 Spellcasting
 - Level 12.9 Conjurations
 - Level 5.0 Summonings
 - Level 17.0 Translocations
 - Level 5.0 Transmutations
 - Level 5.0 Ice Magic
 - Level 13.0 Invocations
 - Level 17.0 Evocations


You had 8 spell levels left.
You knew the following spells:

 Your Spells              Type           Power      Damage    Failure   Level
a - Summon Forest         Summ/Tloc      36%        N/A       1%          5
b - Vhi's Electric Charg  Tloc/Air       100%       N/A       1%          3
c - Disjunction           Tloc           44%        N/A       22%         8
d - Manifold Assault      Tloc           89%        N/A       1%          4
e - Lesser Beckoning      Tloc           100%       N/A       0%          3
f - Irradiate             Conj/Tmut      32%        3d22      2%          5
g - Dispersal             Tloc           44%        N/A       1%          6
h - Blink                 Tloc           100%       N/A       0%          2
i - Apportation           Tloc           100%       N/A       0%          1
j - Yara's Violent Unrav  Hex/Tmut       17%        3d8       34%         5

Your spell library contained the following spells:

 Spells                   Type           Power      Damage    Failure   Level
 Momentum Strike          Conj/Tloc      100%       3d10      0%          2
 Gell's Gravitas          Tloc           89%        N/A       0%          3
 Teleport Other           Tloc           89%        N/A       0%          3
 Freeze                   Ice            100%       1d10      1%          1
 Kiss of Death            Conj/Necr      100%       2d13      1%          1
 Shock                    Conj/Air       100%       1d9       1%          1
 Sting                    Tmut/Pois      100%       1d8       1%          1
 Summon Small Mammal      Summ           100%       N/A       1%          1
 Call Imp                 Summ           49%        N/A       1%          2
 Ensorcelled Hibernation  Hex/Ice        68%        N/A       1%          2
 Static Discharge         Conj/Air       100%       2-7/arc   1%          2
 Call Canine Familiar     Summ           49%        N/A       1%          3
 Frozen Ramparts          Ice            98%        1d15      1%          3
 Hailstorm                Conj/Ice       65%        3d14      1%          3
 Kindle Blastsparks       Fire/Tloc/Air  100%       2d18      1%          3
 Passage of Golubria      Tloc           89%        N/A       1%          4
 Flame Wave               Conj/Fire      55%        2d13      2%          4
 Sticky Flame             Conj/Fire      55%        2d7       2%          4
 Necrotise                Necr           72%        1d7       3%          1
 Spider Form              Tmut/Pois      34%        N/A       3%          3
 Summon Guardian Golem    Hex/Summ       34%        N/A       3%          3
 Ice Form                 Ice/Tmut       49%        N/A       4%          4
 Summon Ice Beast         Ice/Summ       49%        N/A       4%          4
 Poisonous Vapours        Pois/Air       36%        N/A       5%          2
 Sublimation of Blood     Necr           18%        N/A       5%          2
 Ignite Poison            Fire/Tmut/Pois 28%        N/A       5%          3
 Arcjolt                  Conj/Air       27%        1d37      7%          5
 Lightning Bolt           Conj/Air       27%        1d44      7%          5
 Freezing Cloud           Conj/Ice/Air   26%        6-21      9%          5
 Confusing Touch          Hex            18%        N/A       11%         3
 Inner Flame              Hex/Fire       18%        N/A       11%         3
 Swiftness                Air            18%        N/A       11%         3
 Petrify                  Tmut/Erth      34%        N/A       13%         4
 Orb of Destruction       Conj           39%        9d11      16%         7
 Malign Gateway           Summ/Tloc      36%        N/A       32%         7
 Airstrike                Air            9%         2d(2-18)  34%         4
 Anguish                  Hex/Necr       9%         N/A       34%         4
 Dispel Undead            Necr           18%        3d11      34%         4
 Olgreb's Toxic Radiance  Pois           18%        N/A       34%         4
 Spellforged Servitor     Conj/Summ      32%        N/A       61%         7
 Silence                  Hex/Air        9%         N/A       69%         5
 Eringya's Noxious Bog    Tmut/Pois      17%        N/A       89%         6
 Simulacrum               Ice/Necr       17%        N/A       89%         6
 Ozocubu's Refrigeration  Ice            24%        4d12      98%         7
 Summon Hydra             Summ           24%        N/A       98%         7
 Enfeeble                 Hex            9%         N/A       100%        7
 Storm Form               Tmut/Air       17%        N/A       100%        7
 Discord                  Hex            9%         N/A       100%        8
 Ignition                 Fire           9%         3d5       100%        8
 Infestation              Necr           9%         N/A       100%        8
 Lehudib's Crystal Spear  Conj/Erth      27%        10d7      100%        8
 Summon Horrible Things   Summ           24%        N/A       100%        8
 Death's Door             Necr           9%         N/A       100%        9


Dungeon Overview and Level Annotations

Branches:
Dungeon (15/15)            Temple (1/1) D:4            Lair (5/5) D:10
  Swamp (4/4) Lair:3       Spider (4/4) Lair:2        Slime (5/5) Lair:5
    Orc (2/2) D:10            Elf (3/3) Orc:2        Vaults (4/5) D:13
  Crypt (0/3) Vaults:3     Depths (4/4) D:15            Zot (4/5) Depths:4
  Sewer (visited)           IceCv (visited)

Altars:
Ashenzari
Cheibriados
Dithmenos
Elyvilon
Fedhas
Gozag
Hepliaklqana
Kikubaaqudgha
Makhleb
Nemelex Xobeh
Okawaru
Qazlal
Ru
Sif Muna
Trog
Uskayaw
Vehumet
Wu Jian
Xom
Yredelemnul
Zin
The Shining One
Jiyva

Shops:
D:5 *   D:12 *   Orc:2 ?*?=*   Elf:3 [   Vaults:1 (   Vaults:2 !   Depths:1 [
Depths:4 !=

Portals:
Hell: Depths:1 Depths:2 Depths:3 Depths:4
Abyss: Depths:2 Depths:3
Pandemonium: Depths:2
Ziggurat: Depths:4
Trove: D:11 (give 3 potions of resistance)

Annotations:
D:2 1 runed translucent door, Crazy Yiuf
Orc:1 2 transporters, gelatine's ghost, journeyman DsFE
Elf:2 3 runed translucent doors
Zot:4 Tiamat


Innate Abilities, Weirdness & Mutations

Your serpentine skin is tough. (AC +9)
You have supernaturally acute eyesight. (SInv)
Armour fits poorly on your strangely shaped body.
Your system is resistant to poisons. (rPois)
You cover ground very slowly.
You can spit poison.
You can use your snake-like lower body to constrict enemies.


Message History

You freeze the yellow draconian!
The yellow draconian is moderately wounded.
You constrict the yellow draconian.
You feel extremely sick. You block Tiamat's attack.
The yellow draconian barely misses you.
You completely miss the yellow draconian.
The yellow draconian is moderately wounded.
You are no longer berserk.
You are exhausted.
You feel yourself slow down.
You constrict the yellow draconian!
You feel extremely sick. You block Tiamat's attack.
You feel better.
You constrict the yellow draconian!
The green draconian rages.
Tiamat barely misses you.
The yellow draconian hits you but does no damage.
You block Tiamat's attack.
You block the yellow draconian's attack.
The green draconian rages.
Okay, then.
Press: ? - help, v - describe, . - travel
Here: Tiamat, wielding a +2 bardiche of venom and wearing the +4 dragonskin cloak (berserk)
The floor.
Unknown command.
Unknown command.
As you read the scroll of fear, it crumbles to dust.
You assume a fearsome visage.
Tiamat is unaffected.
The yellow draconian is unaffected.
The green draconian is unaffected.
The moth of wrath looks frightened!
You constrict the yellow draconian!!
Tiamat hits you from afar with a +2 bardiche of venom!!!
* * * LOW HITPOINT WARNING * * *
Tiamat closely misses you.
You block the yellow draconian's attack.
You release your grip on the yellow draconian.
The yellow draconian attacks as you move away!
The yellow draconian hits you but does no damage.
You hear a roar!
You block the yellow draconian's attack.
You block Tiamat's attack. Tiamat tail-slaps you!!!
You die...

,,,,,***,,,*,,,,,,...#,,,,,,,,,,,
,,,,,* *,,,*******...#,,.,***,,,,
,,**** *,$.#######...#,..,***,,,,
,,******,..#.........#...,,,*,,,,
,,,,,,,,,................,,,,>,,,
,,,,*,,,,......⌠..[......,,,,,,,,
,,,,*,,,,###....)....#...,,,,,,,,
...,*,,,,......))ddd.....,,,,,,,,
...,*,,,,*###...@#.......,,,,,,,,
..,,*..,,####...[#d...^..,,,,,,,,
###*#..,,...#....#...y...,,,,,,,,
..#..............#...#...,,,,,,,,
..#.##......#....#####,..,,,,,,,,
....##......#....# ***#***,,,,,
....##......#....############,*,,
............#...............#,*,,
............#...............#,*,,


You could see Tiamat (berserk), a yellow draconian (berserk) and a green
draconian (berserk).

Vanquished Creatures
  the Royal Jelly (Slime:5)
  Dissolution (Slime:4)
  2 juggernauts
  Boris (Vaults:3)
  the Lernaean hydra (Swamp:4)
  Saint Roka (Depths:2)
  Vv (Depths:2)
  13 caustic shrikes
  Bai Suzhen (Swamp:4)
  A curse toe (Zot:3)
  12 golden dragons
  Nikola (Depths:2)
  Arachne (Spider:3)
  2 doom hounds (Zot:1)
  3 electric golems
  A Tzitzimitl (Zot:1)
  8 tentacled monstrosities
  A lich (Depths:4)
  The ghost of experimilk the Devastator, an adept DrCj of Sif Muna (Swamp:4)
  A titan (Depths:3)
  Asterion (Vaults:3)
  2 walking crystal tomes
  2 walking earthen tomes
  Grunn (Zot:1)
  A walking divine tome (Depths:3)
  7 quicksilver dragons
  A deep elf blademaster (Elf:3)
  A walking frostbound tome (Depths:3)
  3 deep elf master archers (Elf:3)
  21 acid blobs
  5 death cobs
  4 tengu reavers
  3 sphinxes
  8 shadow dragons
  10 draconian monks
  15 storm dragons
  14 rockslimes
  14 fire giants
  3 fenstrider witches
  8 azure jellies
  6 draconian knights
  6 deep elf sorcerers
  5 emperor scorpions
  7 frost giants
  2 emperor scorpions (shapeshifter) (Zot:1)
  4 draconian scorchers
  Aizul (Spider:2)
  A balrug (Zot:1)
  A draconian shifter (Zot:3)
  10 ghost moths
  An iron dragon (Depths:2)
  6 vault wardens
  4 draconian stormcallers
  3 spriggan defenders
  3 draconian annihilators
  6 deep elf elementalists (Elf:3)
  A war gargoyle (Vaults:3)
  2 broodmothers
  3 reapers (Zot:1)
  11 stone giants
  39 very ugly things
  16 ironbound preservers
  10 quicksilver oozes
  6 vampire knights
  6 green draconians
  A green draconian (shapeshifter) (Zot:1)
  4 ironbound thunderhulks
  6 deep elf annihilators
  A putrid mouth (Zot:1)
  Nessos (Lair:4)
  7 black draconians
  15 spark wasps
  A purple draconian (shapeshifter) (Zot:1)
  5 deep elf demonologists
  10 white draconians
  2 bunyips
  5 purple draconians
  12 red draconians
  17 yellow draconians
  7 deep elf death magi
  2 crystal guardians
  15 dire elephants
  11 ettins
  12 fire dragons
  5 deep elf high priests
  3 rakshasas
  17 yaktaur captains
  A spectral fenstrider witch (Swamp:4)
  3 peacekeepers
  7 vault guards
  8 spriggan air magi
  Harold (D:11)
  23 hydras
  5 great orbs of eyes
  4 jorogumos
  8 centaur warriors
  3 ghost crabs
  10 boulder beetles
  A catoblepas (Lair:3)
  A death knight (Zot:1)
  An anaconda (Lair:5)
  11 ice dragons
  6 ironbound frosthearts
  5 radroaches
  2 tengu warriors
  19 dancing weapons
  7 alligators
  4 two-headed ogres
  5 vampire magi (Depths:1)
  8 deep troll shamans
  9 death yaks
  8 deep troll earth magi
  3 orc high priests (Orc:2)
  Urug (D:11)
  A soul eater (Depths:3)
  18 deep elf knights
  A sun demon (Depths:1)
  Sonja (D:11)
  6 spriggan berserkers
  A titan skeleton (Vaults:2)
  2 skeletal warriors (D:15)
  9 iron trolls
  A pharaoh ant (Spider:4)
  3 spectral spriggans (Swamp:4)
  2 sun moths
  Nergalle (Orc:1)
  70 deep trolls
  6 goliath frogs
  12 orb spiders
  5 spriggan druids
  7 swamp dragons
  4 steelbarb worms
  An orange crystal statue (IceCv)
  17 deep elf archers
  4 glowing orange brains
  3 phantasmal warriors
  2 flayed ghosts (Depths:2)
  8 large abominations
  7 wizards
  Pikel (D:4)
  A fenstrider witch simulacrum (Swamp:4)
  6 lindwurms
  8 orc knights
  5 bog bodies
  5 necromancers
  A tengu zombie (Vaults:1)
  17 ironbound convokers
  7 shining eyes
  37 deep elf zephyrmancers
  22 wolf spiders
  31 deep elf pyromancers
  2 manticores
  4 oklob plants
  A stone giant zombie (D:15)
  30 ugly things
  7 orc sorcerers
  A salamander (Depths:1)
  4 cyclopes
  5 will-o-the-wisps
  16 moths of wrath
  3 guardian serpents (Zot:1)
  6 elephants
  7 demonic crawlers
  5 storm dragon simulacra (IceCv)
  4 black mambas
  5 torpor snails
  2 human skeletons (Vaults:2)
  13 vault sentinels
  An eye of devastation (Slime:3)
  2 stone giant skeletons
  Maggie (D:8)
  2 smoke demons (Depths:1)
  A gargoyle (D:12)
  15 cane toads
  8 rime drakes
  4 unseen horrors
  2 freezing wraiths (D:15)
  A hellion (Depths:1)
  A yaktaur zombie (Vaults:4)
  7 komodo dragons
  29 yaktaurs
  An efreet (Zot:2)
  2 tormentors (Zot:1)
  4 tengu conjurers
  A yaktaur skeleton (Vaults:4)
  3 harpy zombies (Zot:1)
  A polar bear (shapeshifter) (D:14)
  4 golden dragon simulacra (IceCv)
  13 trolls
  3 spectral death drakes (Swamp:4)
  6 meliai
  11 polar bears
  29 tarantellas
  10 tyrant leeches
  A shadow dragon simulacrum (Vaults:3)
  16 hornets
  20 dream sheep
  6 raiju
  16 blink frogs
  32 jumping spiders
  A centaur simulacrum (D:15)
  2 air elementals
  Sigmund (D:4)
  18 culicivoras
  2 ettin skeletons
  81 slime creatures
  6 water elementals
  10 spriggans
  32 yaks
  A shadow (D:9)
  2 wyverns (Lair:2)
  2 wraiths
  27 fire elementals
  5 basilisks
  20 humans (D:13)
  A golden eye (Slime:5)
  43 redbacks
  3 steam dragons (Lair:5)
  6 vampire mosquitoes
  2 human simulacra
  A chaos spawn (Depths:3)
  11 swamp worms
  2 glowing shapeshifter zombies (D:15)
  11 wargs
  A death drake simulacrum (Swamp:4)
  9 water moccasins
  2 acid dragons
  13 hell hounds (Lair:5)
  13 swamp drakes
  3 sky beasts
  13 black bears
  29 orc warriors
  5 ice beasts
  2 spriggan simulacra (Swamp:4)
  A human zombie (Vaults:1)
  4 ice dragon simulacra (IceCv)
  6 boggarts
  9 ogres
  45 wolves
  An elf simulacrum (Vaults:4)
  6 centaurs
  3 lemures (D:4)
  3 kobold brigands
  3 earth elementals
  15 small abominations
  2 necrophages
  10 bullfrogs
  A glowing shapeshifter simulacrum (Vaults:3)
  8 scorpions
  6 wights
  4 killer bees
  8 lindwurm simulacra (IceCv)
  An electric eel (Lair:1)
  4 howler monkeys
  A hound (D:5)
  A gnoll bouda (D:9)
  19 orc priests
  21 jellies
  9 iguanas
  21 orc wizards
  4 hell rats (Lair:3)
  10 adders
  3 gnolls (D:5)
  6 river rats (Sewer)
  3 white imps
  4 ufetubi
  2 worms
  3 dart slugs
  78 orcs
  14 ball pythons
  6 bats
  8 endoplasms
  4 giant cockroaches
  8 goblins
  8 hobgoblins
  4 jackals (D:1)
  4 quokkas
  3 frilled lizards (Sewer)
  20 kobolds
  11 rats
  2 butterflies
2159 creatures vanquished.

Vanquished Creatures (collateral kills)
  A frost giant (Depths:3)
1 creature vanquished.

Vanquished Creatures (others)
  A storm dragon (Zot:1)
  A deep elf knight (Elf:2)
  A swamp dragon (Swamp:4)
  A moth of wrath (Zot:1)
  2 bloated husks (Swamp:4)
  An orc priest (Orc:2)
  An orc wizard (Orc:2)
  2 bushes (Lair:5)
  4 foxfires (Swamp:4)
  42 fungi
  83 plants
  6 withered plants (D:15)
145 creatures vanquished.

Grand Total: 2305 creatures vanquished

Notes
Turn   | Place    | Note
-------+----------+-------------------------------------------
     0 | D:1      | ragingrage the Naga Warper began the quest for the Orb.
     0 | D:1      | Reached XP level 1. HP: 19/19 MP: 3/3
    59 | D:1      | Reached XP level 2. HP: 25/26 MP: 5/5
   204 | D:1      | Reached skill level 1 in Stealth
   575 | D:1      | Reached XP level 3. HP: 32/32 MP: 6/6
  1102 | D:2      | Reached XP level 4. HP: 36/39 MP: 7/7
  1274 | D:2      | Learned a level 2 spell: Blink
  1712 | D:2      | Found a runed translucent door.
  1713 | D:2      | Noticed Crazy Yiuf
  2036 | D:3      | Noticed a centaur
  2042 | D:3      | Killed a centaur
  2043 | D:3      | Reached skill level 5 in Stealth
  2043 | D:3      | Reached XP level 5. HP: 38/45 MP: 8/8
  2241 | D:4      | Noticed a lemure
  2247 | D:3      | Reached XP level 6. HP: 44/52 MP: 9/9
  2343 | D:4      | Reached skill level 5 in Long Blades
  2453 | D:4      | Found a staircase to the Ecumenical Temple.
  2459 | Temple   | Entered the Ecumenical Temple
  2558 | D:4      | Noticed Pikel
  2594 | D:4      | Reached XP level 7. HP: 23/60 MP: 10/10
  2669 | D:4      | Found a glowing drain.
  2683 | Sewer    | Entered a sewer
  3123 | D:4      | Killed Pikel
  3124 | D:4      | Reached XP level 8. HP: 39/67 MP: 11/11
  3505 | Temple   | Became a worshipper of Cheibriados the Contemplative
  3574 | D:4      | Noticed Sigmund
  3591 | D:4      | Killed Sigmund
  3777 | D:4      | Learned a level 1 spell: Freeze
  3781 | D:4      | Learned a level 3 spell: Frozen Ramparts
  4183 | D:5      | Entered Level 5 of the Dungeon
  4241 | D:5      | Reached skill level 1 in Ice Magic
  4331 | D:5      | Found a burning altar of Makhleb.
  4496 | D:5      | Found Soqis's Lightly-Used Armoury.
  4511 | D:5      | Found a shimmering altar of Xom.
  4770 | D:5      | Reached * piety under Cheibriados
  5235 | D:5      | Bought a -1 double sword for 150 gold pieces
  5268 | D:6      | Found a sparkling altar of Nemelex Xobeh.
  5355 | D:6      | Reached XP level 9. HP: 73/73 MP: 12/12
  5468 | D:6      | Found an ancient bone altar of Kikubaaqudgha.
  5866 | D:7      | Reached ** piety under Cheibriados
  6608 | D:7      | Learned a level 4 spell: Manifold Assault
  6632 | D:7      | Reached skill level 5 in Translocations
  6761 | D:7      | Reached skill level 10 in Stealth
  6766 | D:7      | Reached *** piety under Cheibriados
  7718 | D:7      | Reached skill level 10 in Long Blades
  8169 | D:8      | Reached XP level 10. HP: 79/83 MP: 13/13
  8310 | D:8      | Noticed Maggie
  8436 | D:8      | Killed Maggie
  8437 | D:8      | Reached skill level 5 in Ice Magic
  8932 | D:9      | Reached skill level 5 in Fighting
  8992 | D:9      | Reached **** piety under Cheibriados
  9525 | D:9      | Found an iron altar of Okawaru.
  9740 | D:10     | Entered Level 10 of the Dungeon
 10496 | D:10     | Learned a level 3 spell: Lesser Beckoning
 10793 | D:10     | Noticed a death yak
 10813 | D:10     | Reached skill level 1 in Invocations
 10909 | D:10     | Noticed a two-headed ogre
 10912 | D:10     | Killed a two-headed ogre
 11561 | D:10     | Reached XP level 11. HP: 65/94 MP: 15/15
 11961 | D:10     | Noticed a death yak
 11963 | D:10     | Noticed a death yak
 11964 | D:10     | Noticed a death yak
 11964 | D:10     | Noticed a death yak
 12080 | D:11     | Noticed Harold
 12102 | D:11     | Killed Harold
 12333 | D:11     | Noticed a two-headed ogre
 12347 | D:11     | Killed a two-headed ogre
 12496 | D:11     | Noticed a cyclops
 12505 | D:11     | Killed a cyclops
 12769 | D:11     | Noticed Urug
 12784 | D:11     | Killed Urug
 12826 | D:11     | Noticed Sonja
 12831 | D:10     | Noticed a centaur warrior
 12840 | D:10     | Killed a centaur warrior
 12842 | D:10     | Reached ***** piety under Cheibriados
 12844 | D:10     | Found a staircase to the Orcish Mines.
 13255 | D:11     | Killed Sonja
 13256 | D:11     | Reached skill level 5 in Invocations
 13306 | D:11     | Found a portal to a secret trove of treasure.
 14040 | D:12     | Noticed a cyclops
 14044 | D:12     | Killed a cyclops
 14053 | D:11     | Reached skill level 1 in Evocations
 14313 | D:12     | Noticed a manticore
 14326 | D:12     | Killed a manticore
 14916 | D:12     | Noticed a two-headed ogre
 14922 | D:12     | Killed a two-headed ogre
 14923 | D:12     | Reached XP level 12. HP: 87/103 MP: 9/18
 15384 | D:12     | Noticed a boulder beetle
 15398 | D:12     | Killed a boulder beetle
 15738 | D:12     | Found Lasul's Assorted Antiques.
 15763 | D:12     | Bought 2 potions of heal wounds for 330 gold pieces
 15777 | D:12     | Noticed a boulder beetle
 15801 | D:12     | Killed a boulder beetle
 16699 | D:13     | Noticed a centaur warrior
 16702 | D:13     | Killed a centaur warrior
 16925 | D:13     | Noticed a two-headed ogre
 16935 | D:13     | Killed a two-headed ogre
 17029 | D:13     | Reached skill level 5 in Evocations
 17236 | D:13     | Noticed a vault guard
 17866 | D:10     | Found a staircase to the Lair.
 18078 | Lair:1   | Entered Level 1 of the Lair of Beasts
 18600 | Lair:1   | Gained mutation: You can use your snake-like lower body to
                  | constrict enemies. [Naga growth]
 18600 | Lair:1   | Reached XP level 13. HP: 109/109 MP: 10/19
 20511 | Lair:2   | Reached ****** piety under Cheibriados
 20526 | Lair:2   | Found a hole to the Spider Nest.
 21785 | Lair:3   | Found a staircase to the Swamp.
 22486 | Lair:3   | Reached skill level 10 in Translocations
 22854 | Lair:4   | Noticed Nessos
 22870 | Lair:4   | Killed Nessos
 23109 | Lair:4   | Reached XP level 14. HP: 116/121 MP: 16/20
 23378 | Lair:4   | Reached skill level 15 in Long Blades
 23405 | Lair:4   | Reached skill level 5 in Spellcasting
 23988 | Lair:5   | Entered Level 5 of the Lair of Beasts
 24023 | Lair:5   | Reached skill level 10 in Invocations
 25614 | Lair:5   | Found a staircase to the Slime Pits.
 25617 | Lair:5   | Found a viscous altar of Jiyva.
 26277 | Lair:5   | Reached XP level 15. HP: 122/134 MP: 25/25
 27744 | Lair:5   | Identified the ring "Rympeddi" {Str+5 Dex+6 Stlth+}
 27801 | Lair:5   | Reached skill level 1 in Armour
 27951 | Lair:5   | Identified a scroll of acquirement
 27952 | Lair:5   | Acquired the +3 warlock's mirror {reflect}
 27952 | Lair:5   | Found the +3 warlock's mirror {reflect}
 28427 | D:10     | Reached skill level 1 in Shields
 28956 | Orc:1    | Entered Level 1 of the Orcish Mines
 29252 | Orc:1    | Found a transporter.
 29258 | Orc:1    | Noticed an orc warlord
 29259 | Orc:1    | Found a bloodstained altar of Trog.
 29282 | Orc:1    | Found a transporter.
 29285 | Orc:1    | Noticed gelatine's ghost (journeyman DsFE)
 29419 | Orc:1    | Noticed Nergalle
 29428 | Orc:1    | Killed Nergalle
 29505 | Orc:2    | Entered Level 2 of the Orcish Mines
 30766 | Orc:2    | Found a staircase to the Elven Halls.
 31362 | Orc:2    | Found Uxkooklohuo's Magic Scroll Shoppe.
 31435 | Orc:2    | Bought a scroll of fog for 56 gold pieces
 31435 | Orc:2    | Bought a scroll of teleportation for 42 gold pieces
 31717 | Orc:2    | Reached skill level 10 in Fighting
 31913 | Orc:2    | Found Moluni's Assorted Antiques.
 31913 | Orc:2    | Found Moczogh's General Store.
 31915 | Orc:2    | Found Dadi's Magic Scroll Shoppe.
 31915 | Orc:2    | Found Fumm's Jewellery Boutique.
 31921 | Orc:2    | Bought a bronze wand for 100 gold pieces
 31928 | Orc:2    | Bought a potion of curing for 33 gold pieces
 32152 | Lair:4   | Learned a level 3 spell: Vhi's Electric Charge
 32158 | Lair:4   | Learned a level 5 spell: Irradiate
 32165 | Lair:4   | Learned a level 6 spell: Dispersal
 32464 | Swamp:1  | Entered Level 1 of the Swamp
 33031 | Swamp:1  | Noticed a fenstrider witch
 33034 | Swamp:1  | Killed a fenstrider witch
 33258 | Swamp:1  | Found the +6 arbalest "Damnation" {damnation}
 33504 | Swamp:1  | Reached XP level 16. HP: 127/146 MP: 28/28
 33905 | Swamp:2  | Noticed a tentacled monstrosity
 33910 | Swamp:2  | Killed a tentacled monstrosity
 34713 | Swamp:2  | Reached skill level 5 in Shields
 35066 | Swamp:3  | Noticed a tentacled monstrosity
 35073 | Swamp:3  | Killed a tentacled monstrosity
 35609 | Swamp:3  | Noticed a fenstrider witch
 35615 | Swamp:3  | Killed a fenstrider witch
 35992 | Swamp:4  | Entered Level 4 of the Swamp
 36072 | Swamp:4  | Noticed Bai Suzhen
 36095 | Swamp:4  | Killed Bai Suzhen
 36467 | Swamp:4  | Reached XP level 17. HP: 153/153 MP: 28/30
 36946 | Swamp:4  | Found a runed translucent gate.
 36946 | Swamp:4  | Found a runed translucent gate.
 37159 | Swamp:4  | Reached skill level 5 in Dodging
 37281 | Swamp:4  | Found a runed translucent gate.
 37288 | Swamp:4  | Noticed experimilk's ghost (adept DrCj)
 37600 | Swamp:4  | Noticed the 27-headed Lernaean hydra
 37811 | Swamp:3  | Reached skill level 5 in Armour
 38573 | Swamp:4  | Killed the one-headed Lernaean hydra
 39058 | Swamp:4  | Got a decaying rune of Zot
 39334 | Swamp:4  | Identified the +7 broad axe "Dragonslayer" {spect, Fragile
                  | rPois Will+ Int+3}
 39540 | Spider:1 | Entered Level 1 of the Spider Nest
 40686 | Spider:2 | Noticed Aizul
 40688 | Spider:2 | Reached XP level 18. HP: 162/162 MP: 18/31
 41047 | Spider:2 | Killed Aizul
 44361 | Spider:3 | Noticed Arachne
 44376 | Spider:3 | Killed Arachne
 45026 | Spider:4 | Entered Level 4 of the Spider Nest
 47329 | Spider:4 | Reached XP level 19. HP: 172/172 MP: 0/32
 47598 | Spider:4 | Reached skill level 10 in Shields
 47835 | Spider:4 | Got a gossamer rune of Zot
 48316 | Elf:1    | Entered Level 1 of the Elven Halls
 50868 | Elf:3    | Entered Level 3 of the Elven Halls
 50999 | Elf:2    | Paralysed by an air elemental for 1 turns
 51509 | Elf:2    | Found a runed translucent gate.
 51510 | Elf:2    | Found a runed translucent gate.
 51510 | Elf:2    | Found a runed translucent gate.
 51655 | Elf:2    | Identified the +8 mace "Poadyume" {heavy, *Rage rF++ rN++}
 52120 | Elf:2    | Got the Almanac of Accomplices
 52663 | Elf:2    | Reached XP level 20. HP: 187/187 MP: 24/33
 52877 | Elf:3    | Reached skill level 15 in Stealth
 53310 | Elf:3    | Found Fosic's Armour Emporium.
 54130 | Elf:3    | Identified the +1 troll leather armour of the Shining Light
                  | {rPois Regen+ SInv}
 54772 | Elf:3    | Identified the +4 falchion of the Ageless Bounties {freeze,
                  | Int+7}
 54774 | Elf:3    | Reached skill level 10 in Spellcasting
 55347 | Elf:3    | Identified the +7 halberd "Mosixe" {distort, Contam rPois
                  | rN+}
 55617 | Elf:3    | Identified the +6 demon trident of Sosmatwuyj {venom, rElec
                  | rPois Str+6}
 56016 | Elf:3    | Found the +9 staff of Olgreb {rPois∞}
 56061 | Elf:3    | Identified the +10 shortbow "Hellblazer" {flame, rN+}
 56803 | D:13     | Identified the +5 dagger "Killer Klown's Foe" {flame, Str+3
                  | Dex+2}
 57065 | D:13     | Acquired the +1 hat of Fohaunuh {Harm rElec Will- Slay+5}
 57163 | D:13     | Found a gate to the Vaults.
 57254 | Vaults:1 | Entered Level 1 of the Vaults
 57514 | Vaults:1 | Reached skill level 10 in Dodging
 58463 | Vaults:1 | Identified the +4 scale mail "Dextibbi" {rElec rPois rN+}
 58959 | Vaults:1 | Found Onybbo's Weapon Shop.
 59169 | Vaults:1 | Reached XP level 21. HP: 183/198 MP: 19/35
 60030 | Vaults:2 | Identified the +6 rapier "Tehawyuc" {flame, rN+}
 60391 | Vaults:2 | You fall into a shaft and drop 1 floor!
 61269 | Vaults:2 | HP: 3/199 [titan skeleton[a necromancer] (42)]
 61925 | Vaults:2 | Found Nibebuga's Distillery.
 61935 | Vaults:2 | Bought a potion of curing for 57 gold pieces
 61935 | Vaults:2 | Bought a potion of brilliance for 76 gold pieces
 62505 | Vaults:3 | Found a staircase to the Crypt.
 62948 | Vaults:3 | Noticed Asterion
 62952 | Vaults:3 | Killed Asterion
 63916 | Vaults:3 | Identified the +1 leather armour "Enih" {Will++ Regen+
                  | Int-4 Dex-2}
 64366 | Vaults:3 | Noticed Boris
 64375 | Vaults:3 | Killed Boris
 64376 | Vaults:3 | Reached skill level 15 in Fighting
 65717 | Vaults:4 | Reached skill level 10 in Evocations
 65717 | Vaults:4 | Reached XP level 22. HP: 210/210 MP: 28/37
 66576 | Vaults:4 | Reached skill level 15 in Translocations
 66852 | Vaults:4 | Identified the +5 arbalest "Xomechae" {elec, rF+}
 66857 | Vaults:4 | Identified the +6 arbalest of Responsibility {antimagic,
                  | rElec Will+ Dex+3 Stlth-}
 67892 | D:14     | Found a blossoming altar of Fedhas.
 68299 | D:14     | Identified the ring "Zupas" {Fly rC+ Slay+5 SInv}
 69134 | D:15     | Entered Level 15 of the Dungeon
 69297 | D:15     | Found a frozen archway.
 69321 | IceCv    | Entered an ice cave
 69923 | IceCv    | Noticed a golden dragon
 69927 | IceCv    | Killed a golden dragon
 69928 | IceCv    | Reached skill level 1 in Throwing
 70060 | IceCv    | Identified the ring of Aleyffyatei {Will+ Str+2 Slay+4}
 70605 | D:15     | Found a staircase to the Depths.
 71285 | Depths:1 | Entered Level 1 of the Depths
 71341 | Depths:1 | Learned a level 5 spell: Summon Forest
 71925 | Depths:1 | Found a gateway to Hell.
 72005 | Depths:1 | Found Xuenet's Armour Shoppe.
 72069 | Depths:1 | Reached skill level 1 in Summonings
 72488 | Depths:2 | Noticed Vv
 72497 | Depths:2 | Killed Vv
 72857 | Depths:2 | Noticed a caustic shrike
 72863 | Depths:2 | Killed a caustic shrike
 72864 | Depths:2 | Reached XP level 23. HP: 209/217 MP: 23/39
 73128 | Depths:2 | Noticed Saint Roka
 73131 | Depths:2 | Noticed a golden dragon
 73137 | Depths:2 | Killed Saint Roka
 73143 | Depths:2 | Killed a golden dragon
 74225 | Depths:2 | Noticed a juggernaut
 74234 | Depths:2 | Killed a juggernaut
 74615 | Depths:2 | Found a one-way gate leading to the halls of Pandemonium.
 74648 | Depths:2 | Identified the +1 leather armour of Refuge {rElec Int+7
                  | Dex+2 Stlth-}
 74802 | Depths:2 | Found a one-way gate to the infinite horrors of the Abyss.
 75073 | Depths:2 | You are sucked into a shaft and drop 1 floor!
 75223 | Depths:1 | Found an ancient bone altar of Kikubaaqudgha.
 75467 | Depths:2 | Noticed Nikola
 75473 | Depths:2 | Killed Nikola
 75796 | Depths:3 | Reached skill level 5 in Throwing
 75796 | Depths:3 | Reached skill level 5 in Summonings
 76823 | Depths:3 | Noticed a caustic shrike
 76823 | Depths:3 | Noticed a caustic shrike
 76826 | Depths:3 | Noticed a caustic shrike
 76826 | Depths:3 | Noticed a caustic shrike
 76828 | Depths:3 | Reached XP level 24. HP: 204/229 MP: 34/39
 76828 | Depths:3 | Killed a caustic shrike
 76828 | Depths:3 | Killed a caustic shrike
 76828 | Depths:3 | Killed a caustic shrike
 76830 | Depths:3 | Killed a caustic shrike
 76944 | Depths:3 | Noticed a juggernaut
 77191 | Depths:3 | Killed a juggernaut
 77721 | Depths:3 | Noticed a caustic shrike
 77724 | Depths:3 | Noticed a caustic shrike
 77724 | Depths:3 | Noticed a caustic shrike
 77726 | Depths:3 | Killed a caustic shrike
 77728 | Depths:3 | Killed a caustic shrike
 77728 | Depths:3 | Killed a caustic shrike
 78829 | Orc:2    | Bought a wand of roots (5) for 300 gold pieces
 78829 | Orc:2    | Bought a scroll of teleportation for 75 gold pieces
 78831 | Orc:2    | Bought a scroll of blinking for 127 gold pieces
 78831 | Orc:2    | Bought a scroll of blinking for 127 gold pieces
 79122 | Depths:4 | Entered Level 4 of the Depths
 79122 | Depths:4 | Found a one-way gateway to a ziggurat.
 79143 | Depths:4 | Reached skill level 1 in Conjurations
 79428 | Depths:4 | Reached skill level 1 in Transmutations
 80107 | Depths:4 | Found a gate to the Realm of Zot.
 80637 | Depths:4 | Reached XP level 25. HP: 209/238 MP: 16/39
 80874 | Depths:4 | Reached skill level 15 in Evocations
 80981 | Depths:4 | Found Yfraobb's Distillery.
 80993 | Depths:4 | Bought a potion of curing for 36 gold pieces
 80993 | Depths:4 | Bought a potion of invisibility for 96 gold pieces
 80993 | Depths:4 | Bought a potion of might for 48 gold pieces
 80993 | Depths:4 | Bought a potion of might for 48 gold pieces
 81404 | Depths:4 | Reached skill level 5 in Conjurations
 81579 | Depths:4 | Found an iron altar of Okawaru.
 81660 | Depths:4 | Found a glowing silver altar of Zin.
 81747 | Depths:4 | Found Quffoec's Jewellery Shoppe.
 82388 | Swamp:4  | Killed experimilk's ghost
 82393 | Swamp:4  | Identified the +2 helmet "Yroqevvonad" {+Inv Will++ Slay+3
                  | SInv}
 82948 | Slime:1  | Entered Level 1 of the Pits of Slime
 84882 | Slime:4  | Noticed Dissolution
 84890 | Slime:4  | Killed Dissolution
 85268 | Slime:5  | Entered Level 5 of the Pits of Slime
 86224 | Slime:5  | Reached skill level 5 in Transmutations
 86594 | Slime:5  | Noticed the Royal Jelly
 86612 | Slime:5  | Killed the Royal Jelly
 86963 | Slime:5  | Found the +7 Spriggan's Knife {stab, EV+4 Stlth+}
 86996 | Slime:5  | Identified the +1 helmet of Zyexuts {rCorr}
 86997 | Slime:5  | Found the +1 pair of slick slippers {slick, slippery, EV+3}
 87002 | Slime:5  | Got the Elucidation of Last Rites
 87064 | Slime:5  | Identified the +1 plate armour of Elyvilon's Vengeance {Fly
                  | rC- MP+9 SInv}
 87098 | Slime:5  | Identified the ring "Lekuschimn" {rElec rCorr AC+4 Str+6
                  | Dex-3}
 87114 | Slime:5  | Got a slimy rune of Zot
 87536 | Elf:3    | Bought the +5 ring mail of Agoraphobia {rF++ rC+ Will-
                  | Stlth+} for 709 gold pieces
 87905 | Zot:1    | Entered Level 1 of the Realm of Zot
 87927 | Zot:1    | Noticed Grunn
 87939 | Zot:1    | Killed Grunn
 88443 | Zot:1    | Identified the +1 scale mail "Kahunyuxag" {rC+ rCorr Dex+4
                  | Slay-3}
 88922 | Zot:1    | Identified the +9 morningstar of Valoif {heavy, Fragile
                  | rElec Str+4}
 88993 | Zot:1    | Reached XP level 26. HP: 250/250 MP: 4/39
 89004 | Zot:1    | Reached skill level 10 in Armour
 89832 | Zot:1    | Reached skill level 10 in Conjurations
 90360 | Zot:2    | Reached skill level 15 in Shields
 91818 | Zot:3    | Learned a level 8 spell: Disjunction
 92090 | Zot:3    | Learned a level 1 spell: Apportation
 92334 | Zot:3    | Got the Commentary on Effluvium and Obstruction
 92366 | Zot:3    | Learned a level 5 spell: Yara's Violent Unravelling
 93002 | Zot:3    | You are sucked into a shaft and drop 1 floor!
 93725 | Zot:4    | Identified the +2 morningstar "Orilulla" {venom, Dex+3}
 93875 | Zot:4    | Reached XP level 27. HP: 208/259 MP: 17/39
 94194 | Zot:4    | Found the +4 dragonskin cloak
 94194 | Zot:4    | Noticed Tiamat
 94221 | Zot:4    | Annihilated by Tiamat

Illustrated notes

Levels and vault maps discovered:
D:1:      amcnicky_arrival_single_pillar, layout_loops_cross
D:2:      layout_basic, corexii_item_surrounded_by_moat, uniq_crazy_yiuf_cottage
D:3:      layout_rooms, minmay_stone_trees_medium
D:4:      layout_basic, minmay_temple_entry_enclosed_plants,
          cheibrodos_sewer_entry_drain, uniq_pikel, uniq_sigmund
D:5:      layout_basic, mainiacjoe_overflow_alcove_1, amcnicky_altar_gilded,
          minmay_crystal_room, nrook_mini_vaults, minmay_shop_damaged,
          chequers_mini_garden
D:6:      layout_rooms, mainiacjoe_overflow_alcove_2, lemuel_round_altar,
          kennysheep_generic_room_13
D:7:      layout_layer_cave
D:8:      layout_basic, uniq_maggie
D:9:      layout_loops_cross, old_standard_altar, dreamdust_gnoll_shepherd
D:10:     layout_cave_pods, dpeg_lair_monsters, erik_orc_4
D:11:     layout_irregular_city, nicolae_trove_entry_crossroad, uniq_harold,
          uniq_urug, uniq_sonja
D:12:     layout_loops_ring, serial_shops, nicolae_shop_waterfront,
          grunt_ministairs_15
D:13:     layout_loops_cross, grunt_vaults_entry_tiered, laboratory
D:14:     layout_stronghold, serial_bayou_shore_b, fedhas_altar_3
D:15:     gammafunk_depths_entry_grave, layout_gridville,
          hangedman_decor_points, serial_ice, serial_ice_c, serial_ice_h,
          serial_ice_n, serial_ice_m, portal_ice_cave_entry_frozen_things
Temple:   bh_familiar_temple
Lair:1:   layout_layer_cave, minmay_shattered_shrine, grunt_megastairs_2,
          serial_bayou_shore_a, lemuel_fruit_fields, infiniplex_staircase_pool
Lair:2:   layout_roguey, nicolae_spider_entry_non_spiders,
          minmay_lair_oklob_bushes
Lair:3:   layout_misc_corridors, skrybe_swamp_entry_bodies,
          small_statue_intersection, st_stairs_9, nzn_sisyphean_effort
Lair:4:   layout_small_grid, grunt_forest_large_clearings, lemuel_fruit_fields,
          uniq_nessos
Lair:5:   hangedman_lair_caniforms_friends, layout_regular_city,
          guppyfry_lair_end_dragon, minmay_slime_entry_jelly_boxes,
          dpeg_oklob_1, grunt_megastairs_3
Swamp:1:  nicolae_swamp_standing_stones, layout_falls_marsh,
          evilmike_swamp_ruin_house_4
Swamp:2:  nicolae_swamp_ascending_descending_big, layout_falls_marsh,
          evilmike_swamp_ruin_house_6
Swamp:3:  layout_basic_swamp, evilmike_swamp_ruin_wall
Swamp:4:  swamp_old_school, layout_basic_swamp, gammafunk_ghost_necromancy,
          uniq_bai_suzhen
Spider:1: layout_spider_delve, drop_trap, worms_lemuel
Spider:2: layout_spider_delve, uniq_aizul
Spider:3: layout_spider_delve, uniq_arachne
Spider:4: spider_rune_water, drop_trap
Slime:1:  layout_caves, nicolae_slime_barrier
Slime:2:  layout_caves, cheibrodos_slime_lost_civilization_5
Slime:3:  layout_caves
Slime:4:  layout_caves, uniq_dissolution
Slime:5
Orc:1:    layout_diamond_mine, gammafunk_ghost_wrathful_warriors,
          minmay_orc_barracks, uniq_nergalle
Orc:2:    grunt_orc_tribal_feast, layout_diamond_mine, basic_altar,
          serial_shops, nicolae_shop_statue_plus
Elf:1:    elf_arrival_002, layout_geoelf_octagon,
          hangedman_elven_crosses_minicolossus, amethyst_killhole,
          grunt_megastairs_5
Elf:2:    nicolae_elf_blades_crystal_corner, layout_loops_corners,
          minmay_elf_demonology
Elf:3:    minmay_elf_hall_quartered_circle, layout_gridlike, serial_shops,
          nicolae_shop_crystal
Vaults:1: v_misc_31, grunt_vaults_swirl, v_alt_pattern_1,
          vaults_room_stairs_pillars, v_misc_12, v_misc_14,
          dpeg_vaults_monster_row, v_misc_15, hangedman_vaults_capsules,
          v_misc_5, ontoclasm_vaults_misaligned, v_misc_24, layout_vaults_ring,
          serial_glass, serial_shops, shop
Vaults:2: v_pattern_5, ontoclasm_vaults_pinch, hangedman_vaults_maws,
          v_alt_pattern_2, nicolae_vaults_diagonal_hallway_6,
          layout_vaults_omnigrid, serial_shops, shop
Vaults:3: nicolae_vaults_inception_scallops, hangedman_vaults_snaps,
          vaults_mumra_minichess_inversion, nicolae_vaults_little_squares_3,
          vaults_dpeg_hooks, serial_ice_h, layout_vaults_chaotic_city,
          uniq_boris, uniq_asterion
Vaults:4: hangedman_vaults_stitches, v_rooms_2, v_alt_pattern_2,
          grunt_vaults_hallway_short, nicolae_vaults_know_your_exits,
          vaults_mumra_hex, nicolae_vaults_yaktaur_gun_rack,
          nicolae_vaults_little_squares_5, nicolae_vaults_circle_grid_a,
          nicolae_vaults_what_the_h, nicolae_vaults_asterisk, vaults_room_pools,
          layout_vaults_maze
Depths:1: cell_vault, layout_honeycomb, hellmouth_1, hangedman_decor_growths,
          kennysheep_vampire_church, minmay_shop_star, uniq_enchantress
Depths:2: minmay_the_grid_square_5x5_5x5_mashed [minmay_the_grid_square_5x5_n,
          minmay_the_grid_square_5x5_bracketed,
          minmay_the_grid_square_5x5_three,
          minmay_the_grid_square_5x5_tri_point,
          minmay_the_grid_square_5x5_doubleslash,
          minmay_the_grid_square_5x5_two_walls_a,
          minmay_the_grid_square_5x5_prize_junk,
          minmay_the_grid_square_5x5_longway,
          minmay_the_grid_square_5x5_prize_gold,
          minmay_the_grid_square_5x5_two_walls_b,
          minmay_the_grid_square_5x5_broken_cross,
          minmay_the_grid_square_5x5_fancy_junction,
          minmay_the_grid_square_5x5_prize_deathbox,
          minmay_the_grid_square_5x5_half_checkered,
          minmay_the_grid_square_5x5_almost_minimal,
          minmay_the_grid_square_5x5_bridge,
          minmay_the_grid_square_5x5_prize_snowflake,
          minmay_the_grid_square_5x5_two_small,
          minmay_the_grid_square_5x5_prize_itemx,
          minmay_the_grid_square_5x5_checkered_sparse,
          minmay_the_grid_square_5x5_checkered_statues,
          minmay_the_grid_square_5x5_eight,
          minmay_the_grid_square_5x5_hollow_slash,
          minmay_the_grid_square_5x5_one_wall,
          minmay_the_grid_square_5x5_beaten_path], layout_cave_pools,
          hell_entry, abyss_entry, kennysheep_decorative_pillar, pan_entry,
          uniq_nikola, uniq_vv, uniq_saint_roka
Depths:3: grunt_bent_corner, layout_cave_pools, hangedman_tar_grid_catacomb,
          minmay_room_of_horrors, chequers_serial_rivers_small_3
Depths:4: grunt_zot_entry_funnels, layout_cave_pools, enter_ziggurat_e,
          hell_entry, serial_shops, nicolae_diamond_shop,
          nicolae_shop_competitors_out_of_business, zin_angel,
          hellmonk_okawaru_the_only_friend_you_need
Zot:1:    hangedman_orp_of_zott, layout_gridlike, uniq_grunn
Zot:2:    lemuel_firehouse, layout_onion_interference
Zot:3:    layout_gridlike, lemuel_baited_zot_trap, st_single_dragon_hoard_3,
          st_stairs_11, lemuel_golem_globe
Zot:4:    layout_basic, nicolae_rock_paper_scissors, grunt_megastairs_4,
          uniq_tiamat

Skill      XL: |  1  2  3  4  5  6  7  8  9 10 11 12 13 14 15 16 17 18 19 20 21 22 23 24 25 26 |
---------------+-------------------------------------------------------------------------------+-----
Stealth        | 1 3 5 6 7 8 10 11 14 16 18 | 18.0
Long Blades    | 3 4 5 7 9 10 11 13 14 15 16 | 16.0
Ice Magic      | 2 4 5 |  5.0
Translocations | 4 5 7 8 10 11 12 13 14 15 16 17 | 17.0
Fighting       | 3 5 6 8 10 11 13 14 15 16 17 18 | 18.0
Invocations    | 2 6 8 9 11 12 13 | 13.0
Spellcasting   | 3 4 6 8 9 10 11 12 | 12.0
Evocations     | 3 5 6 7 8 9 10 13 14 15 17 | 17.0
Armour         | 3 4 5 7 8 9 14 | 14.7
Dodging        | 3 4 5 6 9 10 11 12 | 12.0
Shields        | 4 5 7 9 10 11 12 13 14 15 | 15.0
Throwing       | 2 5 6 |  6.9
Summonings     | 2 5 |  5.0
Conjurations   | 3 9 12 | 12.9
Transmutations | 2 5 |  5.0

Action                   |  1- 3 |  4- 6 |  7- 9 | 10-12 | 13-15 | 16-18 | 19-21 | 22-24 | 25-27 || total
-------------------------+-------+-------+-------+-------+-------+-------+-------+-------+-------++-------
Melee: Falchion          |    59 |       |       |       |     6 |   108 |       |       |       ||   173
       Punch             |     1 |     2 |     3 |     5 |     1 |     1 |       |       |       ||    13
       Long sword        |     6 |    15 |     9 |       |       |       |       |       |       ||    30
       Dagger            |       |    58 |   205 |   214 |    21 |       |       |       |     1 ||   499
       Double sword      |       |       |    16 |       |    43 |   776 |  1110 |  1177 |  1352 ||  4474
       Great sword       |       |       |     9 |    94 |   576 |       |       |       |       ||   679
       Constrict         |       |       |       |       |    88 |    51 |    67 |    35 |    51 ||   292
 Fire: Sling             |    19 |    25 |       |       |       |       |       |       |       ||    44
       Shortbow          |       |     5 |   106 |       |       |       |       |       |       ||   111
       Arbalest          |       |       |       |   127 |    90 |    31 |       |       |       ||   248
       Longbow           |       |       |       |       |   170 |       |       |       |       ||   170
       Hand crossbow     |       |       |       |       |       |       |       |     7 |       ||     7
Throw: Boomerang         |       |     3 |     2 |     1 |       |       |     1 |       |       ||     7
       Javelin           |       |     1 |       |       |       |     1 |     3 |     2 |     2 ||     9
       Dart              |       |       |     8 |    12 |    10 |     1 |       |       |       ||    31
 Cast: Frozen Ramparts   |       |       |     2 |    14 |    25 |       |       |       |       ||    41
       Freeze            |       |       |       |     2 |       |       |       |       |       ||     2
       Manifold Assault  |       |       |       |    10 |   194 |   458 |   534 |   566 |   581 ||  2343
       Lesser Beckoning  |       |       |       |     1 |       |       |     7 |     1 |     1 ||    10
       Blink             |       |       |       |       |       |       |     2 |     3 |     2 ||     7
       Vhi's Electric Ch |       |       |       |       |       |       |     2 |       |       ||     2
       Summon Forest     |       |       |       |       |       |       |       |     5 |       ||     5
Invok: Slouch            |       |       |       |     1 |     3 |     4 |     8 |     8 |    19 ||    43
       Temporal Distorti |       |       |       |       |       |       |     1 |       |       ||     1
 Abil: Spit Poison       |    11 |    10 |     5 |     1 |       |       |       |       |       ||    27
Evoke: Wand              |       |       |     4 |     1 |     5 |     3 |    15 |     8 |     1 ||    37
       Phial of floods   |       |       |       |       |       |     1 |       |     1 |       ||     2
       Box of beasts     |       |       |       |       |       |       |     1 |     1 |     1 ||     3
       Condenser vane    |       |       |       |       |       |       |       |     3 |     3 ||     6
       Tin of tremorston |       |       |       |       |       |       |       |       |     1 ||     1
  Use: Scroll            |     1 |       |    10 |    16 |    14 |     2 |     4 |     4 |     6 ||    57
       Potion            |       |       |       |     4 |     2 |     2 |     2 |     3 |     6 ||    19
 Stab: Sleeping          |     1 |     3 |    19 |     4 |     9 |     2 |     2 |       |     1 ||    41
       Distracted        |       |       |       |       |     2 |       |     2 |     1 |       ||     5
       Paralysed         |       |       |       |       |     1 |       |       |       |       ||     1
       Petrified         |       |       |       |       |       |       |       |     1 |       ||     1
       Confused          |       |       |       |       |       |       |       |     1 |       ||     1
Armor: Leather armour    |    18 |    22 |    41 |       |       |       |       |       |       ||    81
       Ring mail         |       |       |    31 |    67 |       |       |       |       |   260 ||   358
       Troll leather arm |       |       |       |    33 |    62 |       |       |       |       ||    95
       Robe              |       |       |       |       |   106 |   155 |    70 |    63 |     6 ||   400
       Skin              |       |       |       |       |     4 |       |       |       |       ||     4
       Acid dragon scale |       |       |       |       |       |       |       |       |    11 ||    11
Dodge: Dodged            |    32 |    22 |    87 |   162 |   286 |   162 |   187 |   163 |   309 ||  1410
       Repelled          |       |       |       |       |       |       |     7 |     6 |    10 ||    23
Block: Other             |       |       |       |    43 |    98 |    11 |       |       |       ||   152
       Reflection        |       |       |       |     2 |     6 |    10 |    68 |    39 |    33 ||   158
       Buckler           |       |       |       |       |     9 |   222 |   315 |   248 |   321 ||  1115

Table legend: (Time is in decaauts)
 A = Elapsed time spent in this place.
 B = Non-inter-level travel time spent in this place.
 C = Inter-level travel time spent in this place.
 D = Time resting spent in this place.
 E = Time spent auto-exploring this place.
 F = Levels seen in this place.
 G = Mean time per level.
                   A        B        C        D        E       F      G
               +--------+--------+--------+--------+--------+-----+--------+
         Total | 148308 | 132617 |  15691 |  38596 |  77496 |  53 | 2798.3 |
       Dungeon |  36595 |  31425 |   5170 |   8414 |  18547 |  15 | 2439.7 |
        Temple |    319 |    230 |     89 |      0 |    218 |   1 |  319.0 |
          Lair |  19337 |  16974 |   2363 |   4334 |  10228 |   5 | 3867.4 |
         Swamp |  12282 |  11297 |    985 |   2911 |   7386 |   4 | 3070.5 |
   Spider Nest |  12234 |  11801 |    433 |   3837 |   6735 |   4 | 3058.5 |
    Slime Pits |   4970 |   4616 |    354 |   3241 |    599 |   5 |  994.0 |
  Orcish Mines |   6219 |   4575 |   1644 |   1256 |   2574 |   2 | 3109.5 |
   Elven Halls |  12802 |  11551 |   1251 |   4131 |   6012 |   3 | 4267.3 |
        Vaults |  17135 |  15699 |   1436 |   3375 |  11250 |   4 | 4283.8 |
        Depths |  14517 |  12944 |   1573 |   4125 |   7160 |   4 | 3629.2 |
           Zot |  10102 |   9714 |    388 |   2509 |   5993 |   4 | 2525.5 |
         Sewer |    535 |    535 |      0 |     36 |    303 |   1 |  535.0 |
      Ice Cave |   1256 |   1256 |      0 |    424 |    484 |   1 | 1256.0 |
               +--------+--------+--------+--------+--------+-----+--------+

Top non-repeatable levels by time:
    D:10: 6636 daAuts
  Lair:5: 5734 daAuts
   Elf:3: 5470 daAuts
Vaults:1: 4621 daAuts
 Swamp:4: 4593 daAuts
  Lair:1: 4589 daAuts
Vaults:3: 4477 daAuts
   Elf:1: 4431 daAuts
Vaults:2: 4400 daAuts
Spider:4: 4317 daAuts
Depths:1: 4241 daAuts
    D:13: 4031 daAuts
   Orc:2: 3900 daAuts
Depths:3: 3874 daAuts
   Zot:1: 3751 daAuts
